 Dungeon Sprint DCSS version 0.30.1-9-gdf580d7c3d (webtiles) character file.

Game seed: 1779715402560078701

3132 Heoruswealwe the Impaler (level 9, 0/94 HPs)
             Began as a Minotaur Fighter on Oct 18, 2023.
             Was an Initiate of Gozag.
             Slain by a ten-headed hydra (6 damage)
             ... in the Dungeon (Sprint IX: "|||||||||||||||||||||||||||||").
             The game lasted 00:04:39 (594 turns).

Heoruswealwe the Impaler (Minotaur Fighter)          Turns: 594, Time: 00:04:40

Health: 0/94       AC: 26    Str: 28    XL:     9   Next: 61%
Magic:  8/8        EV:  9    Int:  5    God:    Gozag
Gold:   1143       SH:  0    Dex: 10    Spells: 8/8 levels left

rFire   . . .        b - +2 halberd (protect)
rCold   . . .        (shield currently unavailable)
rNeg    . . .        c - +1 chain mail
rPois   .            (helmet restricted)
rElec   .            h - +0 cloak
rCorr   .            f - +0 pair of gloves
SInv    .            (no boots)
Will    .....        (no amulet) Stlth
                     k - +2 ring of protection
HPRegen 0.35/turn    j - +3 ring of strength
MPRegen 0.11/turn

%: no teleportation
@: gold aura, under a protective aura
A: horns 2, retaliatory headbutt
a: Renounce Religion, Potion Petition, Call Merchant, Bribe Branch


You were in the Dungeon.
You worshipped Gozag.
Gozag was most pleased with you.
You visited 1 branch You collected 1143 gold pieces.

Inventory:

Hand Weapons
 a - a +0 trident
 b - a +2 halberd of protection (weapon)
Armour
 c - a +1 chain mail (worn)
 d - a +0 buckler
 f - a +0 pair of gloves (worn)
 h - a +0 cloak (worn)
Jewellery
 j - a +3 ring of strength (right hand)
 k - a +2 ring of protection (left hand)
Wands
 m - a wand of quicksilver (10)
Scrolls
 o - 5 scrolls of blinking
 p - 2 scrolls of enchant weapon
Potions
 e - 4 potions of curing
 g - 2 potions of haste
 i - 2 potions of berserk rage
 l - 7 potions of heal wounds
 n - a potion of might


   Skills:
 + Level 13.8 Fighting
 * Level 18.5 Polearms
 + Level 13.8 Armour
 - Level 3.6 Shields


You had 8 spell levels left.
You didn't know any spells.
Your spell library was empty.

Dungeon Overview and Level Annotations

Branches:
Dungeon (1/1)

Altars:
Cheibriados
Dithmenos
Elyvilon
Fedhas
Gozag
Hepliaklqana
Kikubaaqudgha
Makhleb
Nemelex Xobeh
Okawaru
Qazlal
Ru
Sif Muna
Trog
Uskayaw
Vehumet
Wu Jian
Xom
Yredelemnul
Zin
The Shining One
Jiyva
Lugonu


Innate Abilities, Weirdness & Mutations

You have a pair of horns on your head.
You reflexively headbutt those who attack you in melee.


Message History

The yak bellows!
You impale the bullfrog!!
You kill the bullfrog!
The yak is no longer distracted by gold.
Reach: b) +2 halberd (protect)
Press: ? - help, Dir - move target, f - seven-headed hydra
Aim: a seven-headed hydra (about 17% to evade your +2 halberd of protection)
You reach to attack!
You slice one of the seven-headed hydra's heads off!
The six-headed hydra grows two more!
You puncture the eight-headed hydra!
The eight-headed hydra is lightly wounded.
You slice one of the eight-headed hydra's heads off!
The seven-headed hydra grows two more!
You hit the nine-headed hydra.
The nine-headed hydra is lightly wounded.
The nine-headed hydra bites you but does no damage. x2
The nine-headed hydra barely misses you.
The nine-headed hydra bites you! The nine-headed hydra bites you.
The nine-headed hydra bites you! The nine-headed hydra bites you.
* * * LOW HITPOINT WARNING * * *
The nine-headed hydra bites you but does no damage.
The nine-headed hydra bites you.
* * * LOW HITPOINT WARNING * * *
You chop one of the nine-headed hydra's heads off!
The eight-headed hydra grows two more!
You impale the ten-headed hydra!! You headbutt the ten-headed hydra.
The ten-headed hydra is moderately wounded.
The ten-headed hydra bites you.
* * * LOW HITPOINT WARNING * * *
The ten-headed hydra bites you.
* * * LOW HITPOINT WARNING * * *
The ten-headed hydra bites you!
* * * LOW HITPOINT WARNING * * *
The ten-headed hydra bites you but does no damage.
The ten-headed hydra barely misses you.
The ten-headed hydra bites you but does no damage.
The ten-headed hydra misses you.
The ten-headed hydra bites you but does no damage.
The ten-headed hydra barely misses you. The ten-headed hydra bites you.
You die...
Your body crumbles into a pile of gold. $$$$$$$$$$$$$ $$$$$$$$$

▓▓▓▓▓▓▓▓▓▓▓▓▓▓▓▓▓▓▓▓▓▓▓▓
...'.....[.)...?@DYSS...
▓▓▓▓▓▓▓▓▓▓▓▓▓▓▓▓▓▓▓▓▓▓▓▓▓▓▓▓▓▓▓▓▓
.................................
▓▓▓▓▓▓▓▓▓▓▓▓▓▓▓▓▓▓▓▓▓▓▓▓▓▓▓▓▓▓▓▓▓
).....).....'____________________
▓▓▓▓▓▓▓▓▓▓▓▓▓▓▓▓▓▓▓▓▓▓▓▓▓▓▓▓▓▓▓▓▓


You could see a ten-headed hydra, a yak and 2 water moccasins.

Vanquished Creatures
  A two-headed ogre (D)
  2 cane toads (D)
  An efreet (D)
  An unseen horror (D)
  A komodo dragon (D)
  A hornet (D)
  2 yaks (D)
  2 vampire mosquitoes (D)
  An acid dragon (D)
  An orc warrior (D)
  2 bullfrogs (D)
  A wight (D)
  A hound (D)
  An orc priest (D)
  An iguana (D)
  An orc (D)
  An endoplasm (D)
  A goblin (D)
  A hobgoblin (D)
  A jackal (D)
  A quokka (D)
  A rat (D)
26 creatures vanquished.

Vanquished Creatures (others)
  A vampire mosquito (D)
1 creature vanquished.

Grand Total: 27 creatures vanquished

Notes
Turn   | Place    | Note
-------+----------+-------------------------------------------
     0 | D        | Heoruswealwe the Minotaur Fighter began the quest for the
                  | Orb.
     0 | D        | Reached XP level 1. HP: 19/19 MP: 0/0
     7 | D        | Reached skill level 3 in Polearms
    21 | D        | Noticed an iguana
    21 | D        | Noticed an orc priest
    21 | D        | Noticed a hound
    23 | D        | Reached skill level 4 in Polearms
    23 | D        | Reached XP level 2. HP: 28/28 MP: 1/1
    25 | D        | Reached skill level 5 in Fighting
    25 | D        | Reached skill level 5 in Polearms
    25 | D        | Reached skill level 5 in Armour
    25 | D        | Reached XP level 3. HP: 36/36 MP: 2/2
    35 | D        | Reached skill level 6 in Polearms
    39 | D        | Reached skill level 7 in Polearms
    39 | D        | Reached XP level 4. HP: 30/45 MP: 3/3
    45 | D        | Found a snail-covered altar of Cheibriados.
    45 | D        | Found a shadowy altar of Dithmenos.
    45 | D        | Found a white marble altar of Elyvilon.
    45 | D        | Found a blossoming altar of Fedhas.
    45 | D        | Found an opulent altar of Gozag.
    46 | D        | Found a hazy altar of Hepliaklqana.
    47 | D        | Found a viscous altar of Jiyva.
    48 | D        | Found an ancient bone altar of Kikubaaqudgha.
    49 | D        | Found a corrupted altar of Lugonu.
    50 | D        | Found a burning altar of Makhleb.
    51 | D        | Found a sparkling altar of Nemelex Xobeh.
    52 | D        | Found an iron altar of Okawaru.
    53 | D        | Became a worshipper of Gozag Ym Sagoz the Greedy
    54 | D        | Found a stormy altar of Qazlal.
    55 | D        | Found a sacrificial altar of Ru.
    56 | D        | Found a shimmering blue altar of Sif Muna.
    57 | D        | Found a bloodstained altar of Trog.
    58 | D        | Found a hide-covered altar of Uskayaw.
    59 | D        | Found a radiant altar of Vehumet.
    60 | D        | Found an ornate altar of the Wu Jian Council.
    61 | D        | Found a shimmering altar of Xom.
    62 | D        | Found a basalt altar of Yredelemnul.
    63 | D        | Found a glowing silver altar of Zin.
    64 | D        | Found a glowing golden altar of the Shining One.
   126 | D        | Noticed an orc warrior
   126 | D        | Noticed a yak
   126 | D        | Noticed a two-headed ogre
   126 | D        | Noticed a komodo dragon
   126 | D        | Noticed a hornet
   129 | D        | Killed an orc warrior
   130 | D        | Reached skill level 9 in Polearms
   130 | D        | Reached XP level 5. HP: 52/52 MP: 4/4
   135 | D        | Killed a yak
   136 | D        | Reached skill level 11 in Polearms
   136 | D        | Reached XP level 6. HP: 62/62 MP: 5/5
   141 | D        | Killed a two-headed ogre
   142 | D        | Reached skill level 10 in Fighting
   142 | D        | Reached skill level 14 in Polearms
   142 | D        | Reached skill level 10 in Armour
   142 | D        | Reached XP level 7. HP: 55/73 MP: 6/6
   154 | D        | Killed a komodo dragon
   155 | D        | Reached skill level 15 in Polearms
   155 | D        | Reached XP level 8. HP: 29/82 MP: 7/7
   162 | D        | Paralysed by a hornet for 2 turns
   166 | D        | Killed a hornet
   166 | D        | HP: 3/82 [poisoned by a hornet]
   388 | D        | Noticed an efreet
   393 | D        | Reached skill level 16 in Polearms
   406 | D        | Killed an efreet
   410 | D        | Reached skill level 17 in Polearms
   410 | D        | Reached XP level 9. HP: 79/92 MP: 8/8
   419 | D        | Killed an unseen horror
   572 | D        | Noticed a cane toad
   572 | D        | Noticed a cane toad
   576 | D        | Killed a cane toad
   580 | D        | Reached skill level 18 in Polearms
   582 | D        | Noticed a seven-headed hydra
   585 | D        | Killed a cane toad
   594 | D        | Slain by a ten-headed hydra

Illustrated notes

Levels and vault maps discovered:
D:        linesprint [early_d, line_temple, items_1, d_10, items_2, lair_1,
          lair_end, items_3, orc_1, orc_end, items_4, d_15, swamp_1, shoals_1,
          snake_1, spider_1, d_20, vaults_1, items_5, swamp_end, shoals_end,
          snake_end, spider_end, vaults_end, d_27, items_6, zot_1, zot_end,
          crypt_end, forest_end, elf_end, slime_end, tomb_end, abyss_end,
          pan_hell_end]

Skill      XL: |  1  2  3  4  5  6  7  8  9 |
---------------+----------------------------+-----
Polearms       | 4 5 7 9 11 14 15 17 18 | 18.5
Fighting       | 4 5 6 7 8 10 11 12 13 | 13.8
Armour         | 4 5 6 7 8 10 11 12 13 | 13.8
Shields        | |  3.6

Action                     |  1- 3 |  4- 6 |  7- 9 || total
---------------------------+-------+-------+-------++-------
  Melee: Trident           |    27 |       |       ||    27
         Headbutt          |     4 |     6 |    10 ||    20
         Halberd           |       |    15 |    68 ||    83
    Use: Potion            |       |       |     3 ||     3
 Armour: Scale mail        |     5 |       |       ||     5
         Chain mail        |       |     5 |    32 ||    37
  Dodge: Dodged            |     7 |     7 |    20 ||    34
  Block: Buckler           |     2 |       |       ||     2
